 Dungeon Crawl Stone Soup version 0.30-b1-2-g02819fbbbe (webtiles) character file.

Game seed: 15956198343824058454

9 Alarkh the Insei (level 2, 24/24 HPs)
             Began as a Demonspawn Chaos Knight on May 21, 2023.
             Was a Plaything of Xom.
             Got out of the dungeon alive.
             The game lasted 00:00:14 (227 turns).

Alarkh the Insei (Demonspawn Chaos Knight)           Turns: 227, Time: 00:00:15

Health: 24/24      AC:  5    Str: 12    XL:     2   Next: 6%
Magic:  2/2        EV: 11    Int: 13    God:    Xom [..*...]
Gold:   15         SH:  0    Dex: 12    Spells: 1/1 levels left

rFire   . .          .
                       - Unarmed
rCold   . . .        (no shield)
rNeg    . . .        a - +2 leather armour
rPois   .            (no helmet)
rElec   .            (no cloak)
rCorr   .            (no gloves)
SInv    .            (no boots)
Will    .....        (no amulet)
Stlth   +            (no ring)
HPRegen 0.24/turn    (no ring)
MPRegen 0.08/turn

%: no passive effects
@: no status effects
A: demonic guardian 1
a: Renounce Religion


You escaped.
You worshipped Xom.
You were a toy of Xom.
You visited 1 branch of the dungeon, and saw 1 of its levels.

You collected 15 gold pieces.

Inventory:

Armour
 a - a +2 leather armour (worn)
Jewellery
 c - an amulet of the acrobat
Potions
 d - a potion of invisibility {unknown}
Miscellaneous
 b - a piece from Xom's chessboard (15/15) (quivered)


   Skills:
 - Level 3.0 Fighting
 - Level 1.7 Armour
 - Level 0.8 Dodging
 + Level 3.3 Unarmed Combat


You had one spell level left.
You didn't know any spells.
Your spell library was empty.

Dungeon Overview and Level Annotations

Branches:
Dungeon (1/15)

Altars:


Innate Abilities, Weirdness & Mutations

A weak demonic guardian rushes to your aid.


Message History

The ball python constricts you.
You hit the ball python.
The ball python is moderately wounded.
The ball python bites you but does no damage.
The ball python constricts you.
The hobgoblin hits you but does no damage.
You hit the ball python.
You kill the ball python!
The hobgoblin closely misses you.
You closely miss the hobgoblin.
The hobgoblin is heavily wounded.
The hobgoblin hits you. The rat closely misses you.
Your unstable footing causes you to fumble your attack.
The hobgoblin completely misses you. The rat bites you.
You hit the hobgoblin.
You kill the hobgoblin!
The rat bites you but does no damage.
You have reached level 2!
Your demonic ancestry asserts itself...
You feel the presence of a demonic guardian.
You barely miss the rat. You closely miss the rat. The rat closely misses you.
You closely miss the rat. The rat bites you but does no damage.
Your unstable footing causes you to fumble your attack.
The rat misses you.
Your unstable footing causes you to fumble your attack.
The rat splashes around in the water.
You closely miss the rat.
The rat splashes around in the water.
You hit the rat.
You kill the rat!
Things that are here:
a rat corpse; a ball python corpse You hit the plant.
The plant begins to die.
The plant is lightly damaged.
d - a golden potion You see here a hobgoblin corpse.
There is an open door here.
There is a staircase leading out of the dungeon here.
Are you sure you want to leave the Dungeon?
This will make you lose the game!
You have escaped!

##..#####.#####.##>##
#..# #.# #.#.#.## #..#
#.+ #....#.# ##.# #.#
#.#...##
#.##+##.#####.##.##
#.............##.#
#####.#####.##'##.##.#
# #.....# #.#...#.##.#
# #.###.# +.#.@.#.##.#
# #.###.# #.#...#.##.#
###.....# #.#####.##.#
....##..... ... .....#
..####....# ### ..####
#.# ###### #.# #.#
#.####


There were no monsters in sight!

Vanquished Creatures
  A goblin (D:1)
  2 hobgoblins (D:1)
  4 ball pythons (D:1)
  A rat (D:1)
8 creatures vanquished.

Vanquished Creatures (others)
  2 plants (D:1)
2 creatures vanquished.

Grand Total: 10 creatures vanquished

Notes
Turn   | Place    | Note
-------+----------+-------------------------------------------
     0 | D:1      | Alarkh the Demonspawn Chaos Knight began the quest for the
                  | Orb.
     0 | D:1      | Reached XP level 1. HP: 18/18 MP: 1/1
   161 | D:1      | Gained mutation: A weak demonic guardian rushes to your
                  | aid. [demonic ancestry]
   161 | D:1      | Reached XP level 2. HP: 14/24 MP: 2/2
   227 | D:$      | Got out of the dungeon alive.

Illustrated notes

Levels and vault maps discovered:
D:1:      minmay_arrival_four_houses, layout_loops_ring,
          shapermc_ecumenical_altar_hornbeckon, palyth_stone_intersect,
          serial_bayou_lake_a

Skill      XL: |  1 |
---------------+----+-----
Unarmed Combat | 3 |  3.3
Fighting       | |  3.0
Armour         | |  1.7
Dodging        | |  0.8

Action                     || total
---------------------------++-------
  Melee: Unarmed           ||    36
         Punch             ||     1
 Armour: Leather armour    ||    16
  Dodge: Dodged            ||    20
